 Dungeon Crawl Stone Soup version 0.28.0 (webtiles) character file.

Game seed: 17552866532145230350

96 386 the Ogre Mage (level 4, -1/44 HPs)
             Began as an Ogre Hedge Wizard on Feb 17, 2022.
             Slain by a goblin (3 damage)
             ... on level 3 of the Dungeon.
             The game lasted 00:19:22 (3271 turns).

386 the Ogre Mage (Ogre Hedge Wizard)               Turns: 3271, Time: 00:19:23

Health: -1/44      AC:  3    Str: 16    XL:     4   Next: 67%
Magic:  10/10      EV: 10    Int: 15    God:
Gold:   105        SH:  0    Dex:  8    Spells: 8/11 levels left

rFire   . . .      SeeInvis .   a - +0 dagger
rCold   . . .      Faith    .   (no shield)
rNeg    . . .      Spirit   .   p - +0 robe
rPois   .          Reflect  .   c - +0 hat
rElec   .          Harm     .   (no cloak)
rCorr   .          Rampage  .   (gloves unavailable)
Will    .....                   (boots unavailable)
Stlth   +.........              (no amulet)
HPRegen 0.14/turn               (no ring)
MPRegen 0.12/turn               (no ring)

@: lethally poisoned (-1 -> -6)
A: large, unfitting armour, tough skin 1
a: no special abilities


You were on level 3 of the Dungeon.
You visited 1 branch of the dungeon, and saw 4 of its levels.

You collected 105 gold pieces.

Inventory:

Hand Weapons
 a - a +0 dagger (weapon)
 b - a +0 fustibalus
Missiles
 d - 104 stones
 i - 2 curare-tipped darts
 k - 10 poisoned darts
Armour
 c - a +0 hat (worn)
 p - a +0 robe (worn)
Scrolls
 e - a scroll of identify {unknown}
 f - a scroll of enchant armour {unknown}
 g - a scroll of noise {unknown}
 m - a scroll of immolation {unknown}
 n - a scroll of acquirement {unknown}
 o - a scroll of summoning {unknown}
Potions
 h - a potion of heal wounds {unknown}
 j - a potion of brilliance {unknown}
 l - 2 potions of curing {unknown}


   Skills:
 + Level 2.4 Fighting
 + Level 2.6 Dodging
 - Level 1.4 Stealth
 + Level 4.3 Spellcasting
 + Level 2.0 Conjurations
 - Level 0.8 Summonings
 - Level 0.8 Translocations


You had 8 spell levels left.
You knew the following spells:

 Your Spells              Type           Power      Damage    Failure   Level
a - Magic Dart            Conj           36%        1d4       8%          1
b - Blink                 Tloc           10%        N/A       19%         2

Your spell library contained the following spells:

 Spells                   Type           Power      Damage    Failure   Level
 Slow                     Hex            12%        N/A       17%         1
 Call Imp                 Summ           5%         N/A       19%         2
 Conjure Flame            Conj/Fire      6%         6-21      34%         3
 Mephitic Cloud           Conj/Pois/Air  5%         N/A       36%         3


Dungeon Overview and Level Annotations

Branches:
Dungeon (4/15)
 Temple: D:4-7

Altars:

Annotations:
D:3 3 runed translucent doors, Morbidden's ghost, amateur DsBr


Innate Abilities, Weirdness & Mutations

You are too large for most types of armour.
You have tough skin. (AC +1)


Message History

You see here an adder corpse.
You see here an adder corpse.
The orc priest shouts!
The orc shouts!
The goblin shouts!
The orc wizard shouts!
The orc wizard casts a spell at you. The magic dart hits you!
The orc priest looks encouraged for a moment.
The orc shouts!
The adder hisses angrily.
The gnoll shaman shouts!
The goblin throws a stone.
The stone hits you.
There is a stone staircase leading down here.
You climb downwards.
You hear the hiss of flowing sand.
There is an entrance to an ossuary on this level.
Hurry and find it before the portal is buried!
Found 22 gold pieces and a fizzy clear potion.
There is a stone staircase leading up here.
The orc shouts!
You hear a shout! x2
You climb upwards.
Level annotation: 3 runed translucent doors, Morbidden's ghost, amateur DsBr The goblin zaps a wand.
The mass of ice explodes!
The iceblast engulfs you!
The iceblast engulfs the orc!
The orc dies!
There is a stone staircase leading down here.
The goblin throws a stone.
The stone hits you but does no damage.
You see here a rat skeleton.
An adder comes into view.
The goblin throws a stone.
The stone barely misses you.
The goblin zaps a wand.
The mass of ice explodes!
The iceblast engulfs you.
The orc priest invokes the aid of Beogh against you.
Beogh smites you!
* * * LOW HITPOINT WARNING * * *
You hear a shout!
You hear an angry hiss.
The adder bites you.
* * * LOW HITPOINT WARNING * * *
You are lethally poisoned!
The adder poisons you!
* * * LOW HITPOINT WARNING * * *
You feel sick. The goblin hits you with a +0 club.
You die...

.##### #.
##...................#
o.†..# #.
#...................#
.###.###.
#........###.##....##
......##.
#.........##.###.###
......##.# #.........##.#
#.#
..(...##.####.........##.#
#.#
.......#.##......o)...##.#
..#
...>...#.##.#....g>...##.#
.##
............#...@o...##
.........## #.#...÷.##
.##<#....# #.####S##
.........####.# #.#
...........##.# #.#
.#.........##.# #.#
...........##.####.#.#
#.............##.....#
###.#...##.[.....#.###


You could see an orc priest, an orc wizard, an adder and a goblin.

Vanquished Creatures
  2 adders (D:3)
  2 worms (D:2)
  A dart slug (D:1)
  2 orcs (D:2)
  9 ball pythons
  5 bats
  3 endoplasms
  4 giant cockroaches
  7 goblins
  7 hobgoblins
  3 jackals (D:3)
  4 kobolds
  4 quokkas
  3 frilled lizards
  5 rats
61 creatures vanquished.

Vanquished Creatures (others)
  An orc (D:3)
1 creature vanquished.

Grand Total: 62 creatures vanquished

Notes
Turn   | Place    | Note
-------+----------+-------------------------------------------
     0 | D:1      | 386 the Ogre Hedge Wizard began the quest for the Orb.
     0 | D:1      | Reached XP level 1. HP: 16/16 MP: 5/5
     3 | D:1      | Noticed an electric eel
    28 | D:1      | Reached skill level 1 in Conjurations
   135 | D:1      | Noticed an electric eel
   164 | D:1      | Reached XP level 2. HP: 26/26 MP: 0/6
   263 | D:1      | Reached skill level 1 in Fighting
   493 | D:1      | Reached XP level 3. HP: 27/33 MP: 0/8
   717 | D:1      | Reached skill level 4 in Spellcasting
  1104 | D:2      | Found a faded altar of an unknown god.
  2043 | D:2      | Reached XP level 4. HP: 34/42 MP: 7/10
  2880 | D:2      | Learned a level 2 spell: Blink
  2977 | D:3      | Found a runed translucent gate.
  2978 | D:3      | Found a runed translucent gate.
  2990 | D:3      | Found a runed translucent gate.
  2992 | D:3      | Noticed Morbidden's ghost (amateur DsBr)
  3271 | D:3      | HP: 2/44 [poisoned by an adder]
  3271 | D:3      | Slain by a goblin

Illustrated notes

Levels and vault maps discovered:
D:1:      arrival_aquarium_b, layout_rooms
D:2:      layout_rooms, nicolae_ecumenical_pavilion
D:3:      layout_rooms, gammafunk_ghost_split
D:4:      layout_cave_pools, nicolae_ossuary_entry_giza

Skill      XL: |  1  2  3  4 |
---------------+-------------+-----
Conjurations   | 1 2 |  2.0
Fighting       | 1 2 |  2.4
Dodging        | 2 |  2.6
Spellcasting   | 4 |  4.3
Stealth        | |  1.4
Summonings     | |  0.8
Translocations | |  0.8

Action                   |  1- 3 |  4- 6 || total
-------------------------+-------+-------++-------
Melee: Dagger            |   106 |    48 ||   154
 Cast: Magic Dart        |    98 |    44 ||   142
Armor: Robe              |    30 |    19 ||    49
Dodge: Dodged            |    42 |    34 ||    76
